 Dungeon Crawl Stone Soup version 0.26-a0-1161-g0398aca569 (webtiles) character file.

Game seed: 11605709596969199249

158 Perttuleena the Sneak (level 5, 0/34 HPs)
             Began as an Octopode Brigand on Dec 28, 2020.
             Was an Initiate of Dithmenos.
             Killed by divine providence
             ... invoked by an orc priest
              (8 damage)
             ... on level 3 of the Dungeon.
             The game lasted 00:04:51 (1996 turns).

Perttuleena the Sneak (Octopode Brigand)            Turns: 1996, Time: 00:04:52

Health: 0/34       AC:  3    Str: 10    XL:     5   Next: 40%
Magic:  5/5        EV: 28    Int: 14    God:    Dithmenos [......]
Gold:   74         SH:  0    Dex: 14    Spells: 2/4 levels left

rFire    . . .     SeeInvis .   m - +2 dagger (elec)
rCold    . . .     Faith    .   (no shield)
rNeg     . . .     Spirit   .   (helmet restricted)
rPois    .         Reflect  .   j - amulet of the acrobat
rElec    .         Harm     .   (no ring)
rCorr    .         Rampage  .   (no ring)
Will     .....     Clarity  +   (no ring)
Stlth    +++++.....             (no ring)
HPRegen  0.51/turn              (no ring)
MPRegen  0.09/turn              (no ring)
                                (no ring)
                                (no ring)

@: acrobat
A: almost no armour, stealthy swim, amphibious, 8 rings, constrict 8, iridescent
scales 1, camouflage 1, clarity, regeneration 1, gelatinous body 1
a: Renounce Religion


You were on level 3 of the Dungeon.
You worshipped Dithmenos.
Dithmenos was noncommittal.
You visited 1 branch of the dungeon, and saw 3 of its levels.

You collected 74 gold pieces.

Inventory:

Hand Weapons
 m - a +2 dagger of electrocution (weapon)
 n - a +3 dagger
Missiles
 b - 8 poisoned darts (quivered)
 c - 2 curare-tipped darts
Jewellery
 j - an amulet of the acrobat (around mantle)
Wands
 a - a wand of digging (4)
Scrolls
 f - a scroll of enchant armour {unknown}
 l - a scroll of teleportation
Potions
 d - a potion of brilliance {unknown}
 e - 3 potions of curing {unknown}
 g - a potion of magic {unknown}
 h - a potion of haste {unknown}
 i - a potion of lignification
 k - 2 potions of might {unknown}


   Skills:
 + Level 2.3 Fighting
 + Level 2.9 Short Blades
 + Level 2.1 Throwing
 + Level 1.3 Dodging
 + Level 7.8 Stealth
 + Level 0.9 Ice Magic


You had 2 spell levels left.
You knew the following spells:

 Your Spells              Type           Power        Failure   Level
a - Ensorcelled Hibernat  Hex/Ice        2%           36%         2

Your spell library contained the following spells:

 Spells                   Type           Power        Failure   Level
 Corona                   Hex            0%           28%         1
 Confusing Touch          Hex            0%           65%         3
 Dazzling Flash           Conj/Hex       0%           65%         3
 Tukima's Dance           Hex            0%           65%         3


Dungeon Overview and Level Annotations

Branches:
Dungeon (3/15)

Altars:
Dithmenos
Gozag


Innate Abilities, Weirdness & Mutations

You cannot wear most types of armour.
You are very stealthy in the water. (Stealth+)
You are amphibious.
You can wear up to eight rings at the same time.
You can use your tentacles to constrict eight enemies at once.
Your skin changes colour to match your surroundings (Stealth+).
Your rubbery body absorbs attacks. (AC +1, EV +1)
You are partially covered in iridescent scales. (AC +2)
You possess an exceptional clarity of mind.
Your natural rate of healing is unusually fast.


Message History

You kill the orc!
Dithmenos accepts your kill.
An orc comes into view. It is wielding a +0 hand axe.
The orc priest calls down the wrath of Beogh upon you.
Beogh smites you!
The orc shouts!
You barely miss the orc. You grab the orc. You squeeze the orc!
The orc is almost dead.
You constrict the orc.
You kill the orc!
Dithmenos accepts your kill.
An orc comes into view. It is wielding a +0 whip.
The orc priest invokes the aid of Beogh against you.
Beogh smites you!
Ouch! That really hurt!
* * * LOW HITPOINT WARNING * * *
Items here: ))) [[ ††.
The orc priest calls down the wrath of Beogh upon you.
Beogh smites you!
You die...

##############.#
.# #.# .#
###.######## .#
#...........
+#########
#...........
.........#
#^..........
.........#
###'########
.........#
#.#########
.........#
#.)@oooo...
)........#
#########.#
.........#
'#########
........
######## ######
...<.# .....#


You could see an orc priest and 3 orcs.

Vanquished Creatures
  An orc wizard (D:3)
  Robin (D:2)
  5 adders (D:2)
  2 worms (D:2)
  2 dart slugs (D:1)
  A leopard gecko (D:1)
  2 orcs (D:3)
  A giant cockroach (D:2)
  15 goblins
  9 hobgoblins
  7 kobolds
  2 ball pythons (D:1)
  6 bats
  7 frilled lizards
  4 rats
65 creatures vanquished.

Notes
Turn   | Place    | Note
-------+----------+-------------------------------------------
     0 | D:1      | Perttuleena the Octopode Brigand began the quest for the
                  | Orb.
     0 | D:1      | Reached XP level 1. HP: 14/14 MP: 1/1
   209 | D:1      | Reached XP level 2. HP: 19/19 MP: 2/2
   256 | D:1      | Reached skill level 6 in Stealth
   621 | D:1      | Reached XP level 3. HP: 24/24 MP: 3/3
   849 | D:1      | Gained mutation: You expend magic power (3 MP) to
                  | strengthen your wands. [potion of mutation]
   849 | D:1      | Lost mutation: You expend magic power (3 MP) to strengthen
                  | your wands. [potion of mutation]
   849 | D:1      | Gained mutation: You have an increased reservoir of magic.
                  | (+10% MP) [potion of mutation]
   850 | D:1      | Lost mutation: You have an increased reservoir of magic.
                  | (+10% MP) [potion of mutation]
   850 | D:1      | Gained mutation: You possess an exceptional clarity of
                  | mind. [potion of mutation]
   850 | D:1      | Gained mutation: You are partially covered in iridescent
                  | scales. (AC +2) [potion of mutation]
   850 | D:1      | Gained mutation: Your natural rate of healing is unusually
                  | fast. [potion of mutation]
  1062 | D:2      | Reached XP level 4. HP: 29/29 MP: 4/4
  1066 | D:2      | Learned a level 2 spell: Ensorcelled Hibernation
  1078 | D:2      | Found a faded altar of an unknown god.
  1124 | D:2      | Reached skill level 7 in Stealth
  1128 | D:2      | Found an opulent altar of Gozag.
  1164 | D:2      | Found a shadowy altar of Dithmenos.
  1170 | D:2      | Became a worshipper of Dithmenos the Shadowed
  1438 | D:2      | Noticed Robin
  1456 | D:2      | Killed Robin
  1475 | D:2      | Reached XP level 5. HP: 12/34 MP: 5/5
  1996 | D:3      | Killed from afar by an orc priest

Illustrated notes

Levels and vault maps discovered:
D:1:      minmay_arrival_nine_rooms, layout_loops_ring
D:2:      layout_loops_corners, nicolae_gozag_seed_capital, old_standard_altar,
          chequers_ecumenical_altar_twisty, kennysheep_nondescript,
          fountainhead, uniq_robin
D:3:      layout_basic, uniq_sigmund

Skill      XL: |  1  2  3  4 |
---------------+-------------+-----
Stealth        | 6 7 |  7.8
Fighting       | |  2.3
Short Blades   | |  2.9
Throwing       | |  2.1
Dodging        | |  1.3
Ice Magic      | |  0.9

Action                   |  1- 3 |  4- 6 || total
-------------------------+-------+-------++-------
Melee: Dagger            |    59 |    59 ||   118
       Constrict         |    10 |    14 ||    24
       Tentacles         |     3 |     9 ||    12
 Cast: Ensorcelled Hiber |       |     1 ||     1
  Use: Scroll            |     5 |     2 ||     7
       Potion            |     2 |       ||     2
 Stab: Sleeping          |    14 |     7 ||    21
Armor: Skin              |     6 |     8 ||    14
Dodge: Dodged            |    39 |    22 ||    61

Table legend: (Time is in decaauts)
 A = Elapsed time spent in this place.
 B = Non-inter-level travel time spent in this place.
 C = Inter-level travel time spent in this place.
 D = Time resting spent in this place.
 E = Time spent auto-exploring this place.
 F = Levels seen in this place.
 G = Mean time per level.
                   A        B        C        D        E       F      G
               +--------+--------+--------+--------+--------+-----+--------+
         Total |   1981 |   1951 |     30 |     77 |   1353 |   3 |  660.3 |
       Dungeon |   1981 |   1951 |     30 |     77 |   1353 |   3 |  660.3 |
               +--------+--------+--------+--------+--------+-----+--------+

Top non-repeatable levels by time:
     D:2: 1041 daAuts
     D:1: 861 daAuts
     D:3: 78 daAuts
